 Dungeon Crawl Stone Soup version 0.30-a0-122-g2a1322497e (webtiles) character file.

Game seed: 4670978638162908936

7 Newt the Ducker (level 1, -2/16 HPs)
             Began as a Demonspawn Gladiator on Sept 16, 2022.
             Slain by a hobgoblin (4 damage)
             ... on level 1 of the Dungeon.
             The game lasted 00:00:17 (53 turns).

Newt the Ducker (Demonspawn Gladiator)                Turns: 53, Time: 00:00:17

Health: -2/16      AC:  4    Str: 14    XL:     1   Next: 91%
Magic:  1/1        EV: 12    Int:  9    God:
Gold:   7          SH:  0    Dex: 14    Spells: 0/0 levels left

rFire   . . .      SeeInvis .    a - +0 rapier
rCold   . . .      Faith    .    (no shield)
rNeg    . . .      Spirit   .    b - +0 leather armour
rPois   .          Reflect  .    c - +0 helmet
rElec   .          Harm     .    (no cloak)
rCorr   .          Rampage  .    (no gloves)
Will    .....                    (no boots)
Stlth   ++........               (no amulet)
HPRegen 0.05/turn                (no ring)
MPRegen 0.07/turn                (no ring)

@: no status effects
A: no striking features
a: no special abilities


You were on level 1 of the Dungeon.
You visited 1 branch of the dungeon, and saw 1 of its levels.

You collected 7 gold pieces.

Inventory:

Hand Weapons
 a - a +0 rapier (weapon)
Missiles
 d - a throwing net (quivered)
Armour
 b - a +0 leather armour (worn)
 c - a +0 helmet (worn)
Potions
 f - a potion of curing {unknown}


   Skills:
 - Level 2.0 Fighting
 - Level 2.6 Short Blades
 - Level 1.7 Throwing
 - Level 2.6 Dodging
 + Level 1.6 Stealth


You couldn't memorise any spells.
You didn't know any spells.
Your spell library was empty.

Dungeon Overview and Level Annotations

Branches:
Dungeon (1/15)

Altars:


Message History

Throw: javelin
Press: ? - help, Shift-Dir - straight line, f - frilled lizard
Aim: a frilled lizard (40% to hit)
You throw a javelin. The javelin pierces through the goblin.
The goblin is severely wounded.
The javelin misses the frilled lizard.
The goblin hits you but does no damage. x2
Unknown command.
You hit the goblin.
You kill the goblin!
Unknown command.
You closely miss the frilled lizard. Your punch misses the frilled lizard.
The frilled lizard barely misses you.
Unknown command.
You closely miss the frilled lizard. The frilled lizard bites you.
* * * LOW HITPOINT WARNING * * *
Unknown command.
You hit the frilled lizard.
You kill the frilled lizard!
Unknown command.
You hit the kobold.
You kill the kobold!
Unknown command.
You hit the hobgoblin but do no damage.
The hobgoblin hits you but does no damage.
Unknown command.
Throw: 3 throwing nets
Press: ? - help, Q - select action Shift-Dir - straight line, f - hobgoblin
Aim: a hobgoblin (59% to hit)
You throw a throwing net.
The throwing net closely misses the hobgoblin.
The hobgoblin hits you.
* * * LOW HITPOINT WARNING * * *
Throw: 2 throwing nets
Press: ? - help, Q - select action Shift-Dir - straight line, f/p - hobgoblin
Aim: a hobgoblin (59% to hit)
You throw a throwing net.
The throwing net barely misses the hobgoblin.
The hobgoblin hits you.
You die...

##..##..######
.............##
................#.##
..##...##...##...#...
. ##..##..####..#..
#..##..# ##..#..
...##...##...#.# ###
#........#.##....
##......@#.....=#
########g.......
#.............
#.............
....(..........
.....!..>......
##.............
##......$...(.
##..........#


You could see a hobgoblin.

Vanquished Creatures
  An endoplasm (D:1)
  A goblin (D:1)
  2 jackals (D:1)
  A kobold (D:1)
  A frilled lizard (D:1)
6 creatures vanquished.

Notes
Turn   | Place    | Note
-------+----------+-------------------------------------------
     0 | D:1      | Newt the Demonspawn Gladiator began the quest for the Orb.
     0 | D:1      | Reached XP level 1. HP: 16/16 MP: 1/1
    45 | D:1      | Reached skill level 1 in Stealth
    53 | D:1      | Slain by a hobgoblin

Illustrated notes

Levels and vault maps discovered:
D:1:      minmay_arrival_four_loops, layout_rooms,
          ebering_ecumenical_altar_sacrificial

Skill      XL: |  1 |
---------------+----+-----
Stealth        | 1 |  1.6
Fighting       | |  2.0
Short Blades   | |  2.6
Throwing       | |  1.7
Dodging        | |  2.6

Action                   || total
-------------------------++-------
Melee: Rapier            ||    17
       Punch             ||     1
Throw: Throwing net      ||     2
       Javelin           ||     1
Armor: Leather armour    ||     7
Dodge: Dodged            ||    11

Table legend: (Time is in decaauts)
 A = Elapsed time spent in this place.
 B = Non-inter-level travel time spent in this place.
 C = Inter-level travel time spent in this place.
 D = Time resting spent in this place.
 E = Time spent auto-exploring this place.
 F = Levels seen in this place.
 G = Mean time per level.
                   A        B        C        D        E       F      G
               +--------+--------+--------+--------+--------+-----+--------+
         Total |     54 |     54 |      0 |      0 |     29 |   1 |   54.0 |
       Dungeon |     54 |     54 |      0 |      0 |     29 |   1 |   54.0 |
               +--------+--------+--------+--------+--------+-----+--------+

Top non-repeatable levels by time:
     D:1: 54 daAuts
